 Dungeon Crawl Stone Soup version 0.24.0-123-gd5b16e6ec5 (webtiles) character file.

Game seed: 17716697135439561059, levelgen mode: deterministic

1064 mortelune the Slasher (level 8, -8/64 HPs)
             Began as a Formicid Abyssal Knight on Dec 21, 2019.
             Was a Priest of Lugonu.
             Mangled by Pikel
             ... wielding a +1 whip of electrocution
              (11 damage)
             ... on level 5 of the Dungeon.
             The game lasted 00:10:08 (6859 turns).

mortelune the Slasher (Formicid Abyssal Knight)     Turns: 6859, Time: 00:10:08

Health: -8/64      AC: 12    Str: 18    XL:     8   Next: 52%
Magic:  9/9        EV:  7    Int: 13    God:    Lugonu [***...]
Gold:   308        SH:  0    Dex: 10    Spells: 7/7 levels left

rFire    . . .     SeeInvis +   a - +2 falchion
rCold    . . .     Gourm    .   (no shield)
rNeg     . . .     Faith    .   k - +0 chain mail
rPois    .         Spirit   .   (helmet unavailable)
rElec    .         Reflect  .   b - +0 cloak
rCorr    .         Harm     .   q - +0 pair of gloves
MR       .....                  (no boots)
Stlth    ..........             (no amulet)
HPRegen  0.20/turn              (no ring)
MPRegen  0.11/turn              (no ring)

@: no status effects
A: permanent stasis, dig shafts and tunnels, four strong arms, antennae 3
a: Dig, Shaft Self, Depart the Abyss, Bend Space, Banish, Renounce Religion


You were on level 5 of the Dungeon.
You worshipped Lugonu.
Lugonu was most pleased with you.
You were very hungry.

You visited 1 branch of the dungeon, and saw 5 of its levels.
You visited the Abyss 1 time.

You collected 308 gold pieces.

Inventory:

Hand Weapons
 a - a +2 falchion (weapon)
Missiles
 h - 2 boomerangs (quivered)
 t - 20 poisoned darts
Armour
 b - a +0 cloak (worn)
 k - a +0 chain mail (worn)
 q - a +0 pair of gloves (worn)
Jewellery
 i - an uncursed ring of protection from cold {unknown}
Wands
 f - a wand of polymorph (7)
Scrolls
 d - a scroll of fear
 j - a scroll of remove curse
 l - a scroll of identify
Potions
 e - a potion of curing
 g - a potion of agility {unknown}
 n - 2 potions of heal wounds {unknown}
Comestibles
 c - 12 rations


   Skills:
 + Level 6.0 Fighting
 * Level 6.9 Long Blades
 + Level 5.5 Armour
 - Level 0.8 Dodging
 - Level 2.1 Invocations


You had 7 spell levels left.
You didn't know any spells.
Your spell library contained the following spells:

 Spells                   Type           Power        Failure   Level  Hunger
 Animate Skeleton         Necr           N/A          98%         1    ##.....
 Pain                     Necr           #...         98%         1    ##.....
 Regeneration             Chrm/Necr      #.........   100%        3    ####...
 Vampiric Draining        Necr           #.........   100%        3    ####...
 Animate Dead             Necr           N/A          100%        4    #####..


Dungeon Overview and Level Annotations

Branches:
Dungeon (5/15)             Temple (0/1) D:5

Altars:
Ru
Sif Muna
The Shining One

Annotations:
D:5 Pikel


Innate Abilities, Weirdness & Mutations

You cannot be hasted, slowed, berserked, paralysed or teleported.
You can dig through walls and to a lower floor.
Your four strong arms can wield two-handed weapons with a shield.
You have a pair of large antennae on your head. (SInv)


Message History

You miss Pikel.
Pikel is lightly wounded.
Pikel barely misses you. Pikel barely misses you.
Pikel says, "You'll fetch a fair price!"
Press: ? - help, Shift-Dir - straight line, f - Pikel
Aim: Pikel, wielding a +1 whip of electrocution and wearing a +0 robe (lightly wounded, chance to defeat MR: 81%)
You fail to use your ability.
Pikel hits you with a +1 whip of electrocution!
* * * LOW HITPOINT WARNING * * *
Press: ? - help, Shift-Dir - straight line, f/p - Pikel
Aim: Pikel, wielding a +1 whip of electrocution and wearing a +0 robe (lightly wounded, chance to defeat MR: 81%)
You fail to use your ability.
Pikel hits you with a +1 whip of electrocution.
* * * LOW HITPOINT WARNING * * *
Press: ? - help, Shift-Dir - straight line, f/p - Pikel
Aim: Pikel, wielding a +1 whip of electrocution and wearing a +0 robe (lightly wounded, chance to defeat MR: 81%)
You fail to use your ability.
Pikel hits you but does no damage.
You are electrocuted!
You die...

#####..#.# #.#.##.#
#..#.#######.#.##.#
#..#...(..##.#.##.#
######..######.##.#.##.#
p.p....p# #.##......#
##p# #.####.#### #.#
#......#
#.######################
#..pppK@................
########################


You could see Pikel and 3 slaves.

Vanquished Creatures
  Sigmund (D:5)
  Menkaure (D:4)
  A slave (D:5)
  A phantom (D:4)
  Blork the orc (D:5)
  A scorpion (D:5)
  A crimson imp (D:5)
  A bullfrog zombie (D:5)
  A hound (D:5)
  2 orc priests
  A centaur skeleton (D:4)
  An iguana (D:4)
  Crazy Yiuf (D:4)
  Natasha (D:3)
  3 worker ants
  A killer bee zombie (D:5)
  Robin (D:2)
  A worker ant zombie (D:5)
  8 adders
  A shadow imp (D:4)
  An adder skeleton (D:5)
  2 worms (D:2)
  2 dart slugs (D:1)
  3 leopard geckos
  12 orcs
  7 bats
  3 giant cockroaches
  21 goblins
  9 hobgoblins
  2 jackals (D:4)
  7 kobolds
  A ball python (D:2)
  5 frilled lizards
  7 rats
112 creatures vanquished.

Notes
Turn   | Place    | Note
-------+----------+-------------------------------------------
     0 | Abyss:1  | mortelune the Formicid Abyssal Knight began the quest for
                  | the Orb.
     0 | Abyss:1  | Reached XP level 1. HP: 18/18 MP: 2/2
    57 | D:1      | Escaped the Abyss
   113 | D:1      | Reached XP level 2. HP: 15/24 MP: 3/3
   649 | D:1      | Reached * piety under Lugonu
   779 | D:1      | Reached XP level 3. HP: 27/29 MP: 4/4
  1727 | D:2      | Reached XP level 4. HP: 33/37 MP: 5/5
  2327 | D:2      | Noticed Robin
  2350 | D:2      | Reached ** piety under Lugonu
  2374 | D:2      | Killed Robin
  2374 | D:2      | Reached XP level 5. HP: 20/42 MP: 6/6
  3182 | D:3      | Found a glowing golden altar of the Shining One.
  3639 | D:4      | Noticed Natasha
  3641 | D:4      | Noticed Menkaure
  3661 | D:3      | Reached XP level 6. HP: 10/49 MP: 7/7
  3665 | D:3      | Killed Natasha
  4362 | D:4      | Found a shimmering blue altar of Sif Muna.
  4398 | D:4      | Killed Menkaure
  4398 | D:4      | Reached skill level 5 in Long Blades
  4398 | D:4      | Reached XP level 7. HP: 48/55 MP: 8/8
  4552 | D:4      | Reached skill level 5 in Fighting
  4984 | D:4      | Found a runed translucent door.
  4985 | D:4      | Noticed Crazy Yiuf
  5096 | D:4      | Killed Crazy Yiuf
  5196 | D:5      | Entered Level 5 of the Dungeon
  5321 | D:5      | Noticed Sigmund
  5345 | D:5      | Killed Sigmund
  5345 | D:5      | Reached skill level 5 in Armour
  5345 | D:5      | Reached XP level 8. HP: 38/63 MP: 9/9
  5624 | D:5      | Noticed Blork the orc
  5647 | D:5      | Reached *** piety under Lugonu
  5658 | D:5      | Killed Blork the orc
  6077 | D:5      | Found a sacrificial altar of Ru.
  6716 | D:5      | Found a staircase to the Ecumenical Temple.
  6837 | D:5      | Noticed Pikel
  6858 | D:5      | HP: 2/64 [Pikel/+1 whip of electrocution (3)]
  6859 | D:5      | Mangled by Pikel

Levels and vault maps discovered:
D:1:      matt_arrival_grand_opening, layout_basic
D:2:      layout_rooms, first_ration, uniq_robin
D:3:      layout_loops_ring, tso_altar
D:4:      layout_loops_cross, lemuel_blue_sif_altar, uniq_crazy_yiuf_cottage,
          uniq_natasha, uniq_menkaure
D:5:      layout_basic, minmay_temple_entry_offerings, nicolae_ru_awakened_eye,
          uniq_blork_the_orc, uniq_pikel, uniq_sigmund

Skill      XL: |  1  2  3  4  5  6  7  8 |
---------------+-------------------------+-----
Long Blades    | 3 4 5 6 |  6.9
Armour         | 3 4 5 |  5.5
Fighting       | 4 5 6 |  6.0
Dodging        | |  0.8
Invocations    | |  2.1

Action                   |  1- 3 |  4- 6 |  7- 9 || total
-------------------------+-------+-------+-------++-------
Melee: Falchion          |    78 |   204 |   230 ||   512
Throw: Boomerang         |    10 |     1 |     3 ||    14
Invok: Depart the Abyss  |     1 |       |       ||     1
 Abil: Dig               |       |     5 |       ||     5
  Use: Scroll            |       |     7 |       ||     7
       Potion            |       |     4 |       ||     4
  Eat: Chunk             |     2 |    10 |     7 ||    19
Armor: Leather armour    |    13 |       |       ||    13
       Scale mail        |    20 |       |       ||    20
       Chain mail        |       |   111 |   125 ||   236
Dodge: Dodged            |    41 |    97 |    55 ||   193
       Rpst.: Falchion   |    11 |    37 |    20 ||    68
